 Dungeon Crawl Stone Soup version 0.27.1-15-g792fb953b9 (webtiles) character file.

Game seed: 16346270574434157826

75 Cykl0x the Covered (level 4, 0/29 HPs)
             Began as a Gargoyle Fighter on Nov 20, 2021.
             Slain by a black bear (2 damage)
             ... on level 3 of the Dungeon.
             The game lasted 00:02:39 (3087 turns).

Cykl0x the Covered (Gargoyle Fighter)               Turns: 3087, Time: 00:02:41

Health: 0/29       AC: 13    Str: 20    XL:     4   Next: 31%
Magic:  4/4        EV:  5    Int:  9    God:
Gold:   72         SH:  9    Dex:  9    Spells: 3/3 levels left

rFire    . . .     SeeInvis .   a - +0 long sword
rCold    . . .     Faith    .   c - +0 kite shield
rNeg     + . .     Spirit   .   e - +0 chain mail
rPois    ∞         Reflect  .   (no helmet)
rElec    +         Harm     .   (no cloak)
rCorr    .         Rampage  .   (no gloves)
Will     .....                  (no boots)
Stlth    ..........             (no amulet)
HPRegen  0.09/turn              (no ring)
MPRegen  0.09/turn              (no ring)

@: no status effects
A: sickness immunity, AC +3, negative energy resistance 1, electricity
resistance, torment resistance 1, petrification resistance
a: no special abilities


You were on level 3 of the Dungeon.
You visited 1 branch of the dungeon, and saw 4 of its levels.

You collected 72 gold pieces.

Inventory:

Hand Weapons
 a - a +0 long sword (weapon)
 i - a +0 short sword of freezing
Missiles
 f - 66 stones (quivered)
 k - 8 curare-tipped darts
Armour
 b - a +0 scale mail
 c - a +0 kite shield (worn)
 e - a +0 chain mail (worn)
Wands
 h - a wand of mindburst (19)
 m - a wand of acid (6)
Scrolls
 n - a scroll of blinking {unknown}
Potions
 d - 2 potions of might
 g - a potion of curing {unknown}
 j - a potion of lignification {unknown}
 l - a potion of attraction {unknown}
 o - a potion of brilliance {unknown}


   Skills:
 * Level 3.7 Fighting
 + Level 2.3 Long Blades
 * Level 0.8 Throwing
 + Level 3.8 Armour
 * Level 1.0 Dodging
 + Level 3.6 Shields


You had 3 spell levels left.
You didn't know any spells.
Your spell library contained the following spells:

 Spells                   Type           Power      Damage    Failure   Level
 Beastly Appendage        Tmut           0%         N/A       100%        1
 Wereblood                Tmut           0%         N/A       100%        2
 Spider Form              Tmut/Pois      0%         N/A       100%        3


Dungeon Overview and Level Annotations

Branches:
Dungeon (4/15)
 Temple: D:4-7

Altars:
Cheibriados
Okawaru
Qazlal

Annotations:
D:4 Grinder


Innate Abilities, Weirdness & Mutations

You are immune to sickness and miasma.
Your stone body is resilient. (AC +3)
You are immune to poison.
You resist negative energy. (rN+)
You are resistant to electric shocks. (rElec)
You are resistant to unholy torment.
You are immune to petrification.


Message History

You hit the black bear.
The black bear is moderately wounded.
You block the black bear's attack. The black bear claws you.
You block the black bear's attack. The black bear bites you.
The black bear claws you but does no damage. x2
You barely miss the black bear.
The black bear is moderately wounded.
The black bear bites you but does no damage.
The black bear claws you but does no damage. x2
You hit the black bear.
The black bear is moderately wounded.
You block the black bear's attack. x2
The black bear claws you but does no damage.
The black bear bites you but does no damage.
The black bear claws you.
The black bear claws you but does no damage.
You closely miss the black bear.
The black bear is moderately wounded.
The black bear bites you but does no damage.
The black bear claws you.
The black bear claws you but does no damage.
You barely miss the black bear.
The black bear is moderately wounded.
You block the black bear's attack.
The black bear claws you but does no damage. x2
The black bear bites you! The black bear barely misses you.
The black bear claws you but does no damage.
You barely miss the black bear.
The black bear is moderately wounded.
The black bear bites you.
* * * LOW HITPOINT WARNING * * *
The black bear claws you but does no damage.
The black bear barely misses you.
You slash the black bear!
The black bear is severely wounded.
The black bear goes berserk!
The black bear barely misses you. The black bear claws you.
* * * LOW HITPOINT WARNING * * *
The black bear claws you.
You die...

########### #.........#
####.........# ###########
#.##.........# #.........#
#.##.........## #.........#
#.##...........
#.........####.............#
#..........@h...##..........
#.........####.###.<##.####.
#.........####.###.>##.##...
#................##..#.##.#.
####.........##.....##..#.##.##
#............###........#....##
#....######### #....##.....####
#.#....### #.........<..#..
#.#.#....#######...............


You could see a black bear (berserk).

Vanquished Creatures
  2 adders (D:2)
  4 worms (D:2)
  A dart slug (D:2)
  4 ball pythons
  3 bats
  10 endoplasms
  A giant cockroach (D:2)
  2 goblins
  2 hobgoblins (D:1)
  3 kobolds (D:2)
  5 quokkas
  A frilled lizard (D:3)
  3 rats
41 creatures vanquished.

Vanquished Creatures (others)
  2 plants (D:2)
2 creatures vanquished.

Grand Total: 43 creatures vanquished

Notes
Turn   | Place    | Note
-------+----------+-------------------------------------------
     0 | D:1      | Cykl0x the Gargoyle Fighter began the quest for the Orb.
     0 | D:1      | Reached XP level 1. HP: 14/14 MP: 1/1
   328 | D:1      | Reached XP level 2. HP: 18/19 MP: 2/2
  1285 | D:2      | Reached XP level 3. HP: 20/23 MP: 3/3
  1869 | D:2      | Found an iron altar of Okawaru.
  1985 | D:2      | Reached XP level 4. HP: 15/29 MP: 4/4
  2190 | D:2      | Reached skill level 1 in Dodging
  2601 | D:3      | Found a stormy altar of Qazlal.
  2947 | D:3      | Found a faded altar of an unknown god.
  2989 | D:3      | Found a snail-covered altar of Cheibriados.
  3067 | D:4      | Noticed Grinder
  3067 | D:4      | Noticed a black bear
  3087 | D:3      | Slain by a black bear

Illustrated notes

Levels and vault maps discovered:
D:1:      ncdulo_halloftheorcs, layout_basic, serial_curves, eino_curves_03,
          eino_curves_03, eino_curves_03
D:2:      layout_basic, basic_altar, guppyfry_early_lair_pool
D:3:      layout_rooms, mainiacjoe_overflow_concentric_impassable,
          nicolae_qazlal_scattered_showers, basic_ecumenical_altar
D:4:      layout_rooms, grunt_temple_overflow_open, temple_fountains,
          uniq_grinder

Skill      XL: |  1  2  3  4 |
---------------+-------------+-----
Long Blades    | 2 |  2.3
Dodging        | 1 |  1.0
Fighting       | |  3.7
Throwing       | |  0.8
Armour         | |  3.8
Shields        | |  3.6

Action                   |  1- 3 |  4- 6 || total
-------------------------+-------+-------++-------
Melee: Long sword        |   127 |    31 ||   158
Throw: Stone             |    33 |    19 ||    52
  Use: Scroll            |     1 |     2 ||     3
Armor: Scale mail        |     9 |       ||     9
       Chain mail        |    64 |    24 ||    88
Dodge: Dodged            |    41 |     5 ||    46
Block: Kite shield       |    76 |    15 ||    91
       Rpst.: Long sword |    10 |     1 ||    11
